cohdb
Replays
Latest Replays
All Replays
Popular Replays
Top Player Replays
Match Explorer
How It Works
Community
CoH3 Stats
Reddit
Sign in to upload your games and track your stats! →
Sign in with Steam
Match 22177838
Unlisted
Match 22177838
Overview
Messages
Build Orders
End
Construct Barracks
Selects Advanced Infantry Battlegroup
Riflemen Squad
Riflemen Squad
M1 Mortar Team
Selects Convert to Ranger Squad
Riflemen Squad
Construct Weapon Support Center
Convert to Ranger Squad
Bazooka Squad
Selects Frontline Medical Station
Convert to Ranger Squad
Frontline Medical Station
Infantry Support Center
Selects Artillery Observers
Redneck
DeCaHt
[HAN]Diederick Kastner
capeknight
Blitzmensch
buzz_bomb
0
0
Comments
sign in to comment!
No comments posted yet!